Map: Sequencer LE

Players

Bly

  • Race: Zerg Zerg
  • Spawn Location: 1:00

SpeCIaL - Winner!

  • Race: Terran Terran
  • Spawn Location: 7:00

Event: WCS Jonkoping 2017

VOD

Have the link to the VOD?

Description

Time

  • Played on: June 18, 2017, 2:40 p.m.
  • Length: 12:50

All games in this series

Show
View Real Time Build Order
Export as new Build Order

Bly Zerg 

Build Orders: Hatch First, Ravager All-In 

Get SALT Encoding   

  12  0:03  Drone  
  13  0:13  Drone  
  14  0:42  Hatchery  
  13  0:52  Spawning Pool  
  13  0:55  Drone  
  13  0:59  Drone  
  14  1:05  Extractor  
  14  1:08  Drone  
  14  1:19  Overlord  
  14  1:25  Extractor  
  13  1:28  Drone  
  14  1:37  Drone  
  15  1:40  Roach Warren  
  15  1:44  Drone  
  15  1:56  Zergling x2  
  15  2:00  Drone  
  17  2:21  Roach x2  
  20  2:27  Roach  
  22  2:30  Overlord  
  22  2:35  Drone  
  23  2:39  Drone  
  23  2:40  Roach  
  26  3:02  Roach x2  
  30  3:10  Ravager x3  
  33  3:12  Overlord  
  33  3:18  Ravager  
  34  3:25  Overlord  
  34  3:48  Ravager  
  30  3:49  Drone x3  
  33  4:01  Drone x2  
  33  4:02  Drone  
  36  4:05  Drone  
  36  4:07  Metabolic Boost  
  37  4:29  Roach x2  
  37  4:31  Queen, Roach  
  45  4:48  Overlord  
  45  4:59  Ravager x2  
  47  5:00  Hatchery  
  47  5:01  Queen  
  47  5:06  Drone  
  49  5:08  Drone  
  50  5:15  Drone  
  51  5:22  Overlord  
  51  5:23  Overlord  
  51  5:28  Drone  
  52  5:37  Lair  
  52  5:42  Evolution Chamber  
  51  5:47  Roach  
  51  5:49  Roach  
  55  5:51  Ravager  
  56  5:59  Roach  
  58  6:10  Drone x2  
  60  6:15  Drone  
  61  6:18  Overlord  
  61  6:21  Zerg Ground Armor Level 1  
  59  6:27  Ravager  
  59  6:31  Drone x3  
  58  6:37  Glial Reconstitution  
  58  6:51  Burrow  
  58  6:52  Infestation Pit, Drone  
  59  6:54  Drone  
  59  7:01  Drone x2  
  60  7:16  Drone x6  
  66  7:24  Drone x2  
  69  7:31  Infestor  
  70  7:42  Drone x2  
  69  7:54  Hatchery  
  66  8:02  Drone x2  
  66  8:03  Drone x2  
  66  8:05  Extractor  
  69  8:07  Extractor  
  69  8:12  Spore Crawler  
  67  8:18  Infestor  
  67  8:19  Queen  
  69  8:20  Queen  
  69  8:21  Zerg Ground Armor Level 2  
  69  8:24  Evolution Chamber  
  65  8:33  Overlord  
  63  8:36  Overlord  
  63  8:38  Overlord  
  63  8:39  Overlord  
  58  8:57  Drone x2  
  58  8:58  Drone  
  62  9:02  Drone  
  62  9:03  Drone x3  
  65  9:12  Drone x3  
  68  9:19  Drone x2  
  70  9:25  Drone  
  70  9:28  Hive  
  71  9:41  Drone x6  
  71  9:43  Drone  
  76  9:54  Roach  
  76  9:55  Roach x2  
  76  9:57  Overlord  
  76  9:59  Ravager x2  
  75  10:13  Roach x5  
  75  10:14  Roach  
  80  10:25  Roach x3  
  80  10:28  Ravager  
  87  10:31  Zergling x10  
  90  10:43  Ravager x2  
  90  10:44  Ravager x2  
  90  10:46  Zergling x6  
  75  10:59  Swarm Host  
  75  11:00  Zergling x2  
  72  11:05  Zergling x2  
  72  11:06  Queen x2, Zergling x2  
  72  11:09  Ultralisk Cavern  
  72  11:20  Roach  
  72  11:21  Roach x2  
  67  11:36  Roach x3  
  65  11:42  Queen  
  65  11:43  Roach  
  65  11:46  Ravager x2  
  65  11:47  Ravager  
  63  11:50  Swarm Host  
  64  12:03  Roach  
  64  12:04  Roach  
Show
View Real Time Build Order
Export as new Build Order

SpeCIaL Terran - Winner!

Build Orders: Reaper Expand 

Get SALT Encoding   

  12  0:00  SCV  
  13  0:13  SCV  
  14  0:17  Supply Depot  
  14  0:25  SCV  
  15  0:29  Refinery  
  15  0:38  SCV  
  16  0:44  Barracks  
  16  0:50  SCV  
  17  1:02  SCV  
  18  1:15  SCV  
  19  1:31  Orbital Command  
  19  1:32  Reaper  
  20  1:42  Command Center  
  20  1:53  Factory  
  20  1:58  SCV  
  21  2:08  Barracks Reactor  
  21  2:10  SCV  
  21  2:11  Supply Depot  
  22  2:15  Refinery  
  22  2:20  Bunker  
  22  2:26  SCV  
  23  2:38  SCV  
  23  2:42  Factory Tech Lab  
  23  2:44  Marine x2  
  25  2:50  SCV  
  25  3:01  Marine  
  25  3:02  SCV  
  25  3:04  Marine  
  28  3:08  Siege Tank  
  30  3:14  SCV  
  31  3:21  Marine  
  31  3:22  Marine  
  33  3:27  SCV  
  34  3:38  Marine  
  34  3:39  Marine  
  31  3:51  Siege Tank  
  33  4:00  Marine  
  34  4:06  Supply Depot  
  34  4:23  Starport  
  34  4:27  SCV  
  34  4:29  Marine  
  34  4:30  Supply Depot  
  36  4:39  SCV  
  37  4:46  Marine  
  37  4:51  Siege Tank  
  41  4:54  Bunker  
  41  4:57  Orbital Command  
  41  5:01  SCV  
  42  5:07  Medivac  
  42  5:10  Marine  
  45  5:16  SCV  
  46  5:27  Supply Depot  
  46  5:34  Marine, SCV  
  46  5:35  Supply Depot  
  48  5:39  Factory Tech Lab  
  48  5:46  SCV  
  48  5:47  Raven  
  51  5:51  Supply Depot  
  51  5:52  Marine  
  52  5:58  Siege Tank, SCV  
  56  6:09  SCV  
  56  6:10  SCV  
  58  6:17  Barracks Reactor  
  58  6:21  SCV  
  58  6:22  SCV  
  57  6:38  SCV  
  57  6:39  Command Center  
  58  6:40  Siege Tank  
  61  6:50  SCV  
  62  6:58  Marine x2  
  62  6:59  Banshee  
  67  7:04  Orbital Command  
  67  7:10  Barracks  
  67  7:12  SCV  
  68  7:24  SCV  
  68  7:27  Barracks  
  69  7:30  SCV  
  69  7:32  Marine  
  69  7:36  SCV  
  72  7:38  Stimpack, Factory Reactor  
  72  7:42  SCV  
  73  7:46  Supply Depot  
  73  7:48  SCV, Starport Reactor  
  73  7:50  Marine  
  75  7:54  SCV  
  75  7:56  Orbital Command  
  74  8:00  SCV  
  72  8:06  SCV  
  73  8:12  SCV  
  73  8:17  Orbital Command  
  74  8:20  Barracks  
  74  8:21  Barracks  
  74  8:23  SCV  
  74  8:25  Marine x2  
  78  8:28  Marine  
  78  8:33  SCV  
  76  8:36  SCV  
  76  8:37  Medivac  
  76  8:38  Medivac  
  76  8:40  Marine x2  
  81  8:42  SCV  
  81  8:45  SCV  
  81  8:46  Refinery  
  81  8:47  Marine  
  81  8:48  SCV  
  85  8:52  Marine  
  85  8:54  SCV  
  84  8:56  Supply Depot  
  84  8:57  SCV, Supply Depot  
  84  8:58  Marine x2  
  84  8:59  Marine, Refinery  
  84  9:00  SCV  
  89  9:04  Siege Tank  
  89  9:05  Marine  
  89  9:07  SCV  
  94  9:10  Marine  
  94  9:11  Medivac x2  
  94  9:14  Barracks Reactor  
  94  9:15  Supply Depot  
  94  9:16  Barracks Reactor, Marine, Supply Depot  
  100  9:17  SCV  
  100  9:18  SCV  
  100  9:19  Marine  
  100  9:23  Marine  
  105  9:26  Marauder  
  105  9:27  Marine  
  105  9:30  Supply Depot  
  107  9:31  Refinery  
  107  9:33  Marine  
  107  9:36  Siege Tank  
  107  9:37  Marine  
  112  9:41  Marine, Combat Shields  
  113  9:45  Marine  
  113  9:46  Marine  
  113  9:47  Medivac  
  113  9:51  Marine  
  118  9:55  Marine x3  
  118  9:56  Marine  
  118  9:57  Marine  
  118  9:59  Marine  
  124  10:03  Marine  
  124  10:05  Marauder  
  127  10:09  Marine  
  127  10:12  Siege Tank  
  127  10:13  Marine x4  
  131  10:15  Marine  
  131  10:17  Marine  
  131  10:21  Marine  
  129  10:23  Factory  
  129  10:26  Marauder  
  129  10:27  Marine  
  123  10:31  Marine x4  
  123  10:33  Marine  
  123  10:35  Marine  
  129  10:40  Marine  
  129  10:41  Medivac x2  
  134  10:45  Marine  
  134  10:48  Marauder, Supply Depot  
  134  10:49  Marine x2, Supply Depot  
  139  10:54  Engineering Bay x2  
  139  10:56  Marine x2  
  136  10:58  Marine x2  
  136  11:01  Marine  
  136  11:02  Marine  
  125  11:07  Marine  
  125  11:09  Marauder, Marine  
  125  11:10  Liberator  
  125  11:11  Medivac  
  127  11:13  Marine x2  
  127  11:14  Siege Tank  
  127  11:16  Marine x2, Factory Tech Lab  
  128  11:19  Marine  
  128  11:20  Marine  
  128  11:24  Marine  
  131  11:27  Marine  
  131  11:30  Marine  
  131  11:31  Marine  
  136  11:34  Marine  
  136  11:37  Marine  
  136  11:39  Siege Tank, Marine  
  140  11:42  Marine x2  
  140  11:48  Marauder  
  140  11:50  Supply Depot  
  140  11:52  Marine x2  
  143  11:56  Marine  
  143  11:59  Marine x2  
  143  12:04  Marine  
  131  12:10  Marine x2  
  131  12:11  Marine x3  
  131  12:14  Marine  
  136  12:17  Marine x2  
  138  12:22  Marine  
  138  12:28  Marine x2  
Tags
 
Add a new tag
Caveats
  • Supply blocks, unpowered buildings, or Contaminate may cause inaccurate times.
  • Supply counts are checked every 10 seconds.